 Dungeon Crawl Stone Soup version 0.20-b1-18-gaa2fd62 (webtiles) character file.

4 Gorglomux the Insei (level 1, -1/10 HPs)
             Began as a Vine Stalker Transmuter on May 24, 2017.
             Slain by a kobold
             ... wielding a +0 short sword
              (5 damage)
             ... on level 1 of the Dungeon.
             The game lasted 00:00:33 (165 turns).

Gorglomux the Insei (Vine Stalker Transmuter)        Turns: 165, Time: 00:00:34

Health: -1/10      AC:  3    Str: 12    XL:     1   Next: 60%
Magic:  0/4        EV: 11    Int: 13    God:
Gold:   21         SH:  0    Dex: 14    Spells: 3/4 levels left

rFire    . . .     SeeInvis .     - Unarmed
rCold    . . .     Gourm    .   (no shield)
rNeg     . . .     Faith    .   i - +0 leather armour
rPois    .         Spirit   +   (no helmet)
rElec    .         Reflect  .   (no cloak)
rCorr    .         Harm     .   (no gloves)
MR       .....                  (no boots)
Stlth    +.........             (no amulet)
Regen    0.1/turn               (no ring)
MPRegen  0.1/turn               (no ring)

@: no status effects
A: fangs 2, magic shield, antimagic bite, no potion heal 3, rot immunity
a: no special abilities


You were on level 1 of the Dungeon.
You were not hungry.

You visited 1 branch of the dungeon, and saw 1 of its levels.

You collected 21 gold pieces.

Inventory:

Missiles
 a - 12 arrows
Armour
 b - a +0 robe
 i - a +0 leather armour (worn)
   (You found it on level 1 of the Dungeon)
Scrolls
 e - a scroll of enchant armour {unknown}
 f - 2 scrolls of teleportation {unknown}
 j - a scroll of fear {unknown}
 k - a scroll of blinking {unknown}
Potions
 l - a potion of invisibility {unknown}
Books
 c - a book of Changes
Comestibles
 d - a bread ration {@e1}
 g - a royal jelly
 h - 2 chunks of flesh {@w0}


   Skills:
 + Level 1.1 Fighting
 - Level 1.5 Dodging
 * Level 3.2 Unarmed Combat
 - Level 2.1 Spellcasting
 - Level 2.0 Transmutations


You had 3 spell levels left.
You knew the following spells:

 Your Spells              Type           Power        Failure   Level  Hunger
a - Beastly Appendage     Tmut           #.....       14%         1    ##.....


Dungeon Overview and Level Annotations

Branches:
Dungeon (1/15)

Altars:


Innate Abilities, Weirdness & Mutations

You have extremely sharp teeth.
When hurt, damage is shared between your health and your magic reserves.
Your bite disrupts and absorbs the magic of your enemies.
Potions cannot restore your health.
You are immune to rotting.


Message History

It is said that the Orb of Zot exists deep within this dungeon.
Found 18 sling bullets, 16 gold pieces and a scroll labeled HOOKLU CAPPECO.
Found a staircase leading out of the dungeon.
No target in view!
e - a scroll labeled NUGEOJ OHAC You see here 18 sling bullets.
f - a scroll labeled HOOKLU CAPPECO You now have 16 gold pieces.
f - 2 scrolls labeled HOOKLU CAPPECO (gained 1)
You see here 24 stones.
A frilled lizard comes into view.
The frilled lizard hisses angrily.
A frilled lizard is nearby!
You see here 7 stones.
You hit the frilled lizard.
You kill the frilled lizard!
No target in view!
No target in view!
A bat comes into view.
The bat moves out of view.
A bat is nearby!
A bat is nearby!
A bat is nearby!
You barely miss the bat. Your bite misses the bat. The bat barely misses you.
The bat hits you but does no damage.
You hit the bat.
You kill the bat!
Your Fighting skill increases to level 1!
No target in view!
No target in view!
g - a royal jelly A dart slug comes into view.
A dart slug is nearby!
A dart slug is nearby!
A dart slug is nearby!
You see here a scroll labeled UXOBAS ORPHEIX.
The dart slug closely misses you.
You completely miss the dart slug. You bite the dart slug. You drain its power.
The dart slug barely misses you.
You hit the dart slug. You hit the dart slug but do no damage.
You bite the dart slug, but do no damage.
The dart slug completely misses you.
You hit the dart slug. The dart slug bites you.
You hit the dart slug.
You kill the dart slug!
You see here a dart slug corpse.
You butcher the dart slug corpse.
h - 2 chunks of flesh {@w0} You see here a leather armour.
i - a leather armour Wear which item? (? for menu, Esc to quit)
You start removing your armour.
You continue taking off your +0 robe. x4
You finish taking off your +0 robe.
You start putting on your armour.
You continue putting on your leather armour. x5
You finish putting on your +0 leather armour.
j - a scroll labeled UXOBAS ORPHEIX You see here a spear.
k - a scroll labeled OSAUSCH ZOQUSH No target in view!
No target in view!
You now have 21 gold pieces (gained 5).
Found a stone staircase leading down.
No target in view!
No target in view!
No target in view!
l - an inky potion No target in view!
The bat is sucked into a shaft!
The shaft crumbles and collapses.
A kobold comes into view. It is wielding a short sword.
The kobold shouts!
The kobold throws a stone.
The stone hits you but does no damage.
You see here a stone.
The kobold throws a stone.
The stone hits you but does no damage.
You see here a stone.
A kobold is nearby!
The kobold closely misses you.
Your leather armour prevents you from hitting the kobold.
Your bite misses the kobold. The kobold barely misses you.
You barely miss the kobold. Your bite misses the kobold.
The kobold closely misses you.
You closely miss the kobold. Your bite misses the kobold.
The kobold barely misses you.
You hit the kobold. Your bite misses the kobold. The kobold barely misses you.
You completely miss the kobold. The kobold barely misses you.
You hit the kobold but do no damage. You bite the kobold, but do no damage.
You hit the kobold but do no damage. The kobold hits you with a short sword.
You hit the kobold but do no damage. You bite the kobold, but do no damage.
The kobold hits you with a short sword.
You are too injured to fight recklessly!
You are too injured to fight recklessly!
You are too injured to fight recklessly!
You hit the kobold but do no damage. The kobold closely misses you.
You hit the kobold but do no damage. The kobold hits you but does no damage.
You hit the kobold but do no damage. You bite the kobold, but do no damage.
The kobold hits you with a short sword.
You hit the kobold but do no damage. The kobold hits you with a short sword.
Ouch! That really hurt!
You die...

#.# #.# #.# #.#
########.####
.........##.####
############.#.#...#####
......K># #..###.......
##@####.## ##...##.
#####..(##.## ##...#.
........(...## ##....#.
#####...##...###.......
##.###..#.#...#..(.
#.###..##...###.#.
#.##.#.##....#.##.
#.#.###........#.. #..##
##......##..


You could see a kobold.

Vanquished Creatures
  A dart slug (D:1)
  A bat (D:1)
  A frilled lizard (D:1)
3 creatures vanquished.

Notes
Turn   | Place    | Note
-------+----------+-------------------------------------------
     0 | D:1      | Gorglomux the Vine Stalker Transmuter began the quest for the Orb.
     0 | D:1      | Reached XP level 1. HP: 9/9 MP: 4/4
    61 | D:1      | Reached skill level 1 in Fighting
   165 | D:1      | Slain by a kobold

Skill      XL: |  1 |
---------------+----+-----
Fighting       | 1 |  1.1
Dodging        | |  1.5
Unarmed Combat | |  3.2
Spellcasting   | |  2.1
Transmutations | |  2.0

Action                   || total
-------------------------++-------
Melee: Unarmed           ||    20
       Bite              ||     5
Armor: Leather armour    ||     2
       Robe              ||     1
Dodge: Dodged            ||    11

Vault maps used:
D:1:      roderic_chinese_lattice_arrival

Table legend:
 A = Turns spent in this place as a percentage of turns spent in the entire game.
 B = Non-inter-level travel turns spent in this place as a percentage of non-inter-level travel turns spent in the entire game.
 C = Inter-level travel turns spent in this place as a percentage of turns spent in this place.
 D = Turns resting spent in this place as a percentage of non-inter-level travel turns spent in this place.
 E = Turns spent auto-exploring this place as a percentage of non-inter-level travel turns spent in this place.
 F = Non-inter-level travel turns spent in this place divided by the number of levels of this place that you've seen.
                   A       B       C       D       E      F
               +-------+-------+-------+-------+-------+----------------------
         Total | 100.0 | 100.0 |   0.0 |   0.0 |  14.7 |  68.0
       Dungeon | 100.0 | 100.0 |   0.0 |   0.0 |  14.7 |  68.0
               +-------+-------+-------+-------+-------+----------------------

Table legend:
 A = Kills in this place as a percentage of kills in entire the game.
 B = Kills by you in this place as a percentage of kills by you in the entire game.
 C = Kills by friends in this place as a percentage of kills by friends in the entire game.
 D = Other kills in this place as a percentage of other kills in the entire game.
 E = Experience gained in this place as a percentage of experience gained in the entire game.
 F = Experience gained in this place divided by the number of levels of this place that you have seen.
                   A       B       C       D       E      F
               +-------+-------+-------+-------+-------+----------------------
         Total | 100.0 | 100.0 |  -nan |  -nan | 100.0 |   6.0
       Dungeon | 100.0 | 100.0 |  -nan |  -nan | 100.0 |   6.0
               +-------+-------+-------+-------+-------+----------------------
